 Dungeon Crawl Stone Soup version 0.25.1-4-g9407a263a5 (webtiles) character file.

Game seed: 10905086721343292337

9966 Allula97 the Zephyrmancer (level 11, -1/64 HPs)
             Began as a Tengu Air Elementalist on Nov 29, 2020.
             Was a Believer of Vehumet.
             Slain by a fire elemental (3 damage)
             ... in a volcano.
             The game lasted 00:56:15 (11385 turns).

Allula97 the Zephyrmancer (Tengu Air Elementalist) Turns: 11385, Time: 00:56:16

Health: -1/64      AC: 13    Str: 19    XL:     11   Next: 54%
Magic:  2/24       EV: 22    Int: 19    God:    Vehumet [**....]
Gold:   418        SH:  5    Dex: 22    Spells: 7/27 levels left

rFire    + . .     SeeInvis .   B - +3 dagger of Iremoa {pain, *Drain rElec rPois Dex+7}
rCold    + . .     Gourm    .   O - +0 buckler
rNeg     . . .     Faith    .   K - +4 ring mail of Hospitality {Harm MR+ Str+3 Stlth+}
rPois    +         Spirit   .   (helmet restricted)
rElec    +         Reflect  .   h - +0 cloak
rCorr    +         Harm     +   y - +1 pair of gloves
MR       ++...                  (boots unavailable)
Stlth    ++++......             N - amulet of regeneration
HPRegen  0.60/turn              o - +4 ring of evasion
MPRegen  0.19/turn              M - +6 ring of strength

@: resistant, flying quickly and evasively, quick
A: beak, talons 3, magic resistance 1, strong 1, evolution 1, no potion heal 1,
able to fly
a: Stop Flying, Renounce Religion


You were in a volcano.
You worshipped Vehumet.
Vehumet was pleased with you.
You were not hungry.

You visited 3 branches of the dungeon, and saw 13 of its levels.
You also visited: Volcano.

You collected 503 gold pieces.
You spent 85 gold pieces at shops.

Inventory:

Hand Weapons
 B - the +3 dagger of Iremoa (weapon) {pain, *Drain rElec rPois Dex+7}
   (You found it on level 5 of the Dungeon)

   In the hands of one skilled in necromantic magic, it inflicts extra damage on
   living creatures.
   It affects your dexterity (+7).
   It insulates you from electricity.
   It protects you from poison.
   It causes draining when unequipped.
Armour
 h - a +0 cloak (worn)
 y - a +1 pair of gloves (worn)
 K - the +4 ring mail of Hospitality (worn) {Harm MR+ Str+3 Stlth+}
   (You found it on level 8 of the Dungeon)

   It affects your strength (+3).
   It affects your resistance to hostile enchantments.
   It increases damage dealt and taken.
   It makes you more stealthy.
 L - +0 steam dragon scales
 O - a +0 buckler (worn)
 P - a +0 robe of resistance
Jewellery
 e - an uncursed ring of fire
 n - an uncursed ring of positive energy
 o - a +4 ring of evasion (left hand)
 q - an uncursed ring of fire
 M - a +6 ring of strength (right hand)
 N - an amulet of regeneration (around neck)
 Q - an uncursed ring of protection from cold
Wands
 a - a wand of polymorph (8)
 u - a wand of paralysis (7)
 w - a wand of flame (22)
 A - a wand of disintegration (15)
 C - a wand of acid (9)
 J - a wand of iceblast (12)
Scrolls
 d - 2 scrolls of immolation
 g - 5 scrolls of teleportation
 k - 3 scrolls of fog
 t - a scroll of enchant armour
 x - a scroll of holy word
 H - a scroll of enchant weapon
 I - a scroll of blinking
Potions
 f - 2 potions of lignification
 i - 3 potions of degeneration {unknown}
 j - 4 potions of curing
 m - 2 potions of flight
 r - a potion of resistance
 s - a potion of brilliance {unknown}
 v - 2 potions of haste
 z - a potion of berserk rage
 E - a potion of invisibility {unknown}
 F - a potion of mutation
 G - 3 potions of magic
Comestibles
 c - 10 rations


   Skills:
 * Level 5.3 Fighting
 * Level 4.8 Short Blades
   Level 0.5 Maces & Flails
 * Level 4.7 Armour
 * Level 6.3 Dodging
 * Level 5.6 Stealth
 * Level 1.0 Shields
 - Level 2.1 Unarmed Combat
 * Level 8.7 Spellcasting
 * Level 8.1 Conjurations
 * Level 11.0 Air Magic


You had 7 spell levels left.
You knew the following spells:

 Your Spells              Type           Power        Failure   Level  Hunger
a - Shock                 Conj/Air       ####         1%          1    None
b - Swiftness             Chrm/Air       ####....     3%          2    None
c - Static Discharge      Conj/Air       #####...     1%          3    None
d - Blink                 Tloc           N/A          30%         2    None
e - Mephitic Cloud        Conj/Pois/Air  ####....     4%          3    None
f - Airstrike             Air            ######....   2%          4    ###....
g - Lightning Bolt        Conj/Air       #####.....   11%         5    #####..

Your spell library contained the following spells:

 Spells                   Type           Power        Failure   Level  Hunger
 Freeze                   Ice            #...         21%         1    None
 Magic Dart               Conj           ####         1%          1    None
 Searing Ray              Conj           #####.       1%          2    None
 Conjure Flame            Conj/Fire      ###.....     12%         3    None
 Dazzling Flash           Conj/Hex       ###...       12%         3    None
 Call Imp                 Summ           #.......     30%         2    None
 Slow                     Hex            #.......     30%         2    None
 Fulminant Prism          Conj/Hex       ###.......   36%         4    ###....
 Iskenderun's Mystic Bla  Conj/Tloc      ###.....     36%         4    ###....


Dungeon Overview and Level Annotations

Branches:
Dungeon (11/15)            Temple (1/1) D:7            Lair (1/6) D:8
    Orc (0/2) D:10        Volcano (1/1)

Altars:
Ashenzari
Cheibriados
Dithmenos
Elyvilon
Fedhas
Gozag
Hepliaklqana
Kikubaaqudgha
Makhleb
Nemelex Xobeh
Okawaru
Qazlal
Ru
Sif Muna
Trog
Uskayaw
Vehumet
Wu Jian
Xom
Yredelemnul
Zin
The Shining One

Shops:
D:9 *


Innate Abilities, Weirdness & Mutations

You have a beak for a mouth.
You have claws for feet.
You can fly continuously.
You are resistant to hostile enchantments. (MR+)
Your muscles are strong. (Str +2)
You evolve.
Potions are less effective at restoring your health.


Message History

You hit the fire elemental but do no damage.
You claw the fire elemental.
You peck the fire elemental, but do no damage.
The fire elemental is moderately damaged.
The fire elemental hits you. The fire elemental burns you! You resist.
You hit the fire elemental. You claw the fire elemental.
The fire elemental is heavily damaged.
The fire elemental hits you. The fire elemental burns you! You resist.
* * * LOW HITPOINT WARNING * * *
The efreet gestures at you.
The bolt of fire hits the fire elemental.
The fire elemental completely resists.
The bolt of fire hits the fire elemental.
The fire elemental completely resists.
The bolt of fire hits you! You resist.
* * * LOW HITPOINT WARNING * * *
As you read the scroll of fear, it crumbles to dust.
You assume a fearsome visage.
The efreet is unaffected.
The fire elemental is unaffected. x4; The fire elemental hits you.
The fire elemental burns you! You resist.
You die...

....# ### ### #.≈≈.#
###.## ##.## ..≈≈..
##≈...###..)## #.≈≈≈≈.
#○≈..).#.###.## ..≈k≈≈.
#○○.∩..'#####.##..≈≈k≈≈
#≈≈...###°#≈##.'#
#≈≈...##≈≈°≈≈#### ###
#≈≈...##≈≈°≈≈°°@###≈≈≈##☼
#○..∩..'.≈≈≈.°##EER≈≈≈≈.
#☼≈....#°.≈..###EE°≈°°.☼
##≈...###°°.## ##°≈°°°°#
###.## ##.## °.≈°°.# ###
### #.≈≈.## ....# #..##
###


You could see an efreet and 4 fire elementals.

Vanquished Creatures
  A two-headed ogre (D:10)
  Erica (D:9)
  An unseen horror (D:10)
  2 molten gargoyles (Volcano)
  Maggie (D:7)
  An efreet (Volcano)
  A kobold demonologist (D:9)
  A hippogriff (D:10)
  A wyvern (D:11)
  A shadow (D:11)
  3 fire elementals (Volcano)
  3 fire bats (Lair:1)
  2 water moccasins
  2 orc warriors (D:9)
  3 ice beasts
  3 sky beasts
  A black bear (Lair:1)
  4 phantoms
  An eye of draining (D:10)
  3 wolves (Lair:1)
  5 ogres
  8 centaurs
  A crocodile (D:5)
  2 big kobolds
  5 bullfrogs
  2 earth elementals (Volcano)
  4 killer bees (D:8)
  5 wights (D:7)
  2 crimson imps
  A centaur zombie (D:5)
  3 hounds
  3 jellies
  A bullfrog skeleton (D:9)
  13 orc priests
  14 orc wizards
  A centaur skeleton (D:7)
  Natasha (thrice) (D:4)
  8 worker ants
  2 hound zombies
  2 hound skeletons
  A howler monkey skeleton (D:4)
  13 adders
  An ooze (D:3)
  An adder zombie (D:5)
  An adder skeleton (D:8)
  2 worms
  5 leopard geckos
  36 orcs
  6 bats
  6 giant cockroaches
  9 goblins
  4 hobgoblins
  12 jackals
  12 kobolds
  5 quokkas
  A ball python (D:4)
  A frilled lizard (D:4)
  A quokka zombie (D:9)
  10 rats
248 creatures vanquished.

Notes
Turn   | Place    | Note
-------+----------+-------------------------------------------
     0 | D:1      | Allula97 the Tengu Air Elementalist began the quest for the
                  | Orb.
     0 | D:1      | Reached XP level 1. HP: 10/10 MP: 4/4
    21 | D:1      | Reached XP level 2. HP: 12/16 MP: 0/6
   168 | D:1      | Learned a level 2 spell: Swiftness
   542 | D:1      | Reached XP level 3. HP: 20/20 MP: 2/7
   758 | D:2      | Learned a level 3 spell: Static Discharge
  1081 | D:2      | You fall into a shaft and drop 1 floor!
  1208 | D:3      | Reached skill level 1 in Fighting
  1208 | D:3      | Reached XP level 4. HP: 25/25 MP: 2/8
  1936 | D:2      | Reached skill level 1 in Armour
  1976 | D:2      | Learned a level 2 spell: Blink
  2300 | D:4      | Reached skill level 1 in Unarmed Combat
  2301 | D:4      | Gained mutation: You can fly continuously. [Tengu growth]
  2301 | D:4      | Reached XP level 5. HP: 29/29 MP: 2/10
  2411 | D:4      | Reached skill level 5 in Air Magic
  2668 | D:4      | Reached XP level 6. HP: 29/34 MP: 2/11
  2834 | D:4      | Learned a level 3 spell: Mephitic Cloud
  2870 | D:4      | Noticed a phantom
  2886 | D:4      | Gained mutation: You tend to lose your temper in combat.
                  | [potion of mutation]
  2886 | D:4      | Lost mutation: You tend to lose your temper in combat.
                  | [potion of mutation]
  2886 | D:4      | Gained mutation: You possess an exceptional clarity of
                  | mind. [potion of mutation]
  2886 | D:4      | Gained mutation: Your skin changes colour to match your
                  | surroundings (Stealth+). [potion of mutation]
  2916 | D:4      | Killed a phantom
  3205 | D:4      | Noticed Natasha
  3216 | D:4      | Killed Natasha
  3216 | D:4      | Reached XP level 7. HP: 39/39 MP: 7/13
  3436 | D:4      | Noticed Natasha
  3440 | D:4      | Killed Natasha
  3705 | D:4      | Noticed Natasha
  3708 | D:4      | Killed Natasha
  3756 | D:5      | Entered Level 5 of the Dungeon
  3765 | D:5      | Reached skill level 6 in Air Magic
  3997 | D:5      | Found a shimmering altar of Xom.
  4189 | D:5      | Reached skill level 5 in Conjurations
  4189 | D:5      | Reached XP level 8. HP: 45/45 MP: 0/15
  4196 | D:5      | Learned a level 4 spell: Airstrike
  4402 | D:5      | Got a transparent dagger
  4403 | D:5      | Identified the +3 dagger of Iremoa {pain, *Drain rElec
                  | rPois Dex+7} (You found it on level 5 of the Dungeon)
  4866 | D:6      | Reached skill level 1 in Short Blades
  5055 | D:6      | Noticed an eight-headed hydra
  5171 | D:7      | Reached skill level 5 in Spellcasting
  5171 | D:7      | Reached skill level 7 in Air Magic
  5527 | D:6      | Reached XP level 9. HP: 51/51 MP: 9/18
  5941 | D:6      | You are sucked into a shaft and drop 1 floor!
  5958 | D:7      | Reached skill level 8 in Air Magic
  5965 | D:7      | Found a basalt altar of Yredelemnul.
  5965 | D:7      | Found an opulent altar of Gozag.
  7099 | D:7      | Reached skill level 5 in Dodging
  7189 | D:7      | Noticed Maggie
  7195 | D:7      | Killed Maggie
  7214 | D:7      | Learned a level 5 spell: Lightning Bolt
  7438 | D:7      | Found a staircase to the Ecumenical Temple.
  7449 | Temple   | Entered the Ecumenical Temple
  7521 | Temple   | Became a worshipper of Vehumet
  7674 | D:8      | Got a fine ring mail
  7679 | D:8      | Reached XP level 10. HP: 56/56 MP: 9/21
  7889 | D:8      | Found a sacrificial altar of Ru.
  8213 | D:8      | Identified the +4 ring mail of Hospitality {Harm MR+ Str+3
                  | Stlth+} (You found it on level 8 of the Dungeon)
  8361 | D:8      | Found a staircase to the Lair.
  8472 | D:9      | Reached skill level 9 in Air Magic
  8474 | D:9      | Reached * piety under Vehumet
  8474 | D:9      | Offered knowledge of Sandblast by Vehumet.
  8602 | D:9      | Noticed a kobold demonologist
  8607 | D:9      | Killed a kobold demonologist
  9029 | D:9      | Lost mutation: You possess an exceptional clarity of mind.
                  | [potion of mutation]
  9029 | D:9      | Lost mutation: Your skin changes colour to match your
                  | surroundings (Stealth+). [potion of mutation]
  9029 | D:9      | Gained mutation: Your mind is acute. (Int +2) [potion of
                  | mutation]
  9029 | D:9      | Lost mutation: Your mind is acute. (Int +2) [potion of
                  | mutation]
  9029 | D:9      | Gained mutation: You have a pair of small horns on your
                  | head. [potion of mutation]
  9030 | D:9      | Lost mutation: You have a pair of small horns on your head.
                  | [potion of mutation]
  9030 | D:9      | Gained mutation: You are resistant to hostile enchantments.
                  | (MR+) [potion of mutation]
  9030 | D:9      | Gained mutation: Your muscles are strong. (Str +2) [potion
                  | of mutation]
  9030 | D:9      | Gained mutation: You evolve. [potion of mutation]
  9043 | D:9      | Noticed Erica
  9050 | D:9      | Killed Erica
  9187 | D:9      | Found Emomponn's Assorted Antiques.
  9220 | D:9      | Bought a fizzy white potion for 19 gold pieces
  9220 | D:9      | Bought a scroll labeled MEIFUSUQIF for 22 gold pieces
  9220 | D:9      | Bought a scroll labeled BAEWYA ZISHRE for 22 gold pieces
  9220 | D:9      | Bought a scroll labeled ENLEZONOTH for 22 gold pieces
  9584 | D:10     | Entered Level 10 of the Dungeon
  9584 | D:10     | Noticed a two-headed ogre
  9587 | D:10     | Killed a two-headed ogre
  9587 | D:10     | Offered knowledge of Freeze by Vehumet.
  9587 | D:10     | Reached skill level 5 in Stealth
  9587 | D:10     | Reached skill level 10 in Air Magic
  9679 | D:10     | Reached XP level 11. HP: 62/62 MP: 7/24
  9777 | D:10     | Found a staircase to the Orcish Mines.
  9779 | D:10     | Reached ** piety under Vehumet
  9826 | D:10     | Killed an unseen horror
  9826 | D:10     | Reached skill level 5 in Fighting
 10555 | Lair:1   | Entered Level 1 of the Lair of Beasts
 10653 | Lair:1   | Found a dark tunnel.
 10662 | Volcano  | Entered a volcano
 10901 | Volcano  | Gained mutation: Potions are less effective at restoring
                  | your health. [evolution]
 10967 | Volcano  | Noticed a lindwurm
 10967 | Volcano  | Noticed a lindwurm
 11021 | Volcano  | Reached skill level 1 in Shields
 11021 | Volcano  | Reached skill level 11 in Air Magic
 11132 | Volcano  | HP: 2/64 [lindwurm/blast of flame (15)]
 11384 | Volcano  | HP: 2/64 [efreet/bolt of fire (15)]
 11385 | Volcano  | Slain by a fire elemental

Illustrated notes

Levels and vault maps discovered:
D:1:      tarquinn_simple_flora_water_c, layout_basic, minmay_tetromino_l2
D:2:      layout_basic, grunt_decor_arrowhead, minmay_stone_trees_small
D:3:      layout_basic
D:4:      layout_basic, first_ration, uniq_natasha
D:5:      layout_loops_ring, nicolae_overflow_hidden_temple, minmay_starry_boxes
D:6:      layout_basic
D:7:      layout_loops_ring, chequers_temple_overflow_statue_of_worship,
          minmay_temple_entry_poolview, uniq_maggie
D:8:      layout_rooms, nicolae_ru_great_annihilating_truth, lair_entry_dummy
D:9:      layout_roguey, serial_shops, nicolae_shop_crystal, uniq_erica
D:10:     layout_gridville, orc_0_dummy
D:11:     gammafunk_cloud_chamber, layout_layer_cave
Temple:   compressed_dpeg_circular_temple
Lair:1:   layout_regular_city, nicolae_volcano_entry_batcave,
          chequers_serial_rivers_large_a, minmay_lair_oklob_chamber
Volcano:  volcano_aerie

Skill      XL: |  1  2  3  4  5  6  7  8  9 10 11 |
---------------+----------------------------------+-----
Fighting       | 1 2 3 4 5 |  5.3
Conjurations   | 2 3 4 5 6 7 8 |  8.1
Armour         | 1 2 3 4 |  4.7
Unarmed Combat | 1 2 |  2.1
Spellcasting   | 3 4 5 6 8 |  8.7
Air Magic      | 5 6 7 8 10 11 | 11.0
Dodging        | 3 4 5 6 |  6.3
Short Blades   | 2 3 4 |  4.8
Stealth        | 4 5 |  5.6
Shields        | 1 |  1.0
Maces & Flails | |  0.5

Action                   |  1- 3 |  4- 6 |  7- 9 | 10-12 || total
-------------------------+-------+-------+-------+-------++-------
Melee: Unarmed           |    10 |    18 |    29 |       ||    57
       Peck              |     2 |     2 |    19 |    20 ||    43
       Kick              |     1 |     2 |    39 |    44 ||    86
       Punch             |       |     1 |       |     2 ||     3
       Flail             |       |       |    11 |       ||    11
       Dagger            |       |       |    87 |    94 ||   181
 Cast: Shock             |    58 |    94 |   101 |    21 ||   274
       Static Discharge  |       |     7 |    34 |    31 ||    72
       Mephitic Cloud    |       |       |    15 |    13 ||    28
       Airstrike         |       |       |    25 |    54 ||    79
       Lightning Bolt    |       |       |       |     8 ||     8
 Abil: Fly               |       |     1 |       |       ||     1
Evoke: Wand              |       |     1 |       |       ||     1
  Use: Potion            |       |     2 |       |     6 ||     8
       Scroll            |       |       |       |    23 ||    23
 Stab: Sleeping          |       |       |     9 |     5 ||    14
       Distracted        |       |       |     1 |     1 ||     2
       Confused          |       |       |     2 |     7 ||     9
  Eat: Chunk             |     2 |     7 |    14 |    14 ||    37
       Ration            |       |       |     1 |     2 ||     3
Armor: Robe              |     3 |     3 |    15 |       ||    21
       Ring mail         |       |       |       |    31 ||    31
       Steam dragon scal |       |       |       |     2 ||     2
Dodge: Dodged            |     9 |    36 |   117 |    94 ||   256
Block: Buckler           |       |       |       |     6 ||     6
